 Dungeon Crawl Stone Soup version 0.28.0-47-ge53b351184 (console) character file.

Game seed: 16266784458872378513

129077 Faeu the Warrior (level 16, 0/222 HPs)
             Began as a Minotaur Fighter on May 1, 2022.
             Was the Champion of Hepliaklqana.
             Engulfed by a ghost crab's spectral mist (4 damage)
             ... on level 3 of the Swamp.
             The game lasted 04:04:55 (32424 turns).

Faeu the Warrior (Minotaur Fighter)                Turns: 32424, Time: 04:04:56

Health: 0/222      AC: 38    Str: 36    XL:     16   Next: 49%
Magic:  19/19      EV: 11    Int:  9    God:    Hepliaklqana [******]
Gold:   1113       SH: 28    Dex: 14    Spells: 20/20 levels left

rFire   + . .      SeeInvis .   a - +12 spear {vamp, Will+ rCorr Str-3 Dex+4, polearm}
rCold   + . .      Faith    .   M - +5 kite shield {rC+ rF+}
rNeg    + + .      Spirit   .   r - +10 plate armour of Circular Logic {Fly}
rPois   .          Reflect  +   (helmet unavailable)
rElec   .          Harm     .   Z - +2 cloak {Will+}
rCorr   +          Rampage  .   z - +2 pair of gloves
Will    +++..                   Q - +2 pair of boots "Paidd" {rF- rN++ Regen+ Int-2}
Stlth   ..........              L - amulet "Jufaymm" {Reflect Int+4 SH+5}
HPRegen 1.27/turn               X - +6 ring of strength
MPRegen 0.16/turn               G - ring "Byppaaj" {rF+ Str+6}

@: berserking, flying, studying Spellcasting, very quick
A: reduced essence, horns 3, retaliatory headbutt, large bone plates 1,
deterioration 1
a: Renounce Religion, Recall Ancestor, Ancestor Identity, Transference, Idealise


You were on level 3 of the Swamp.
You worshipped Hepliaklqana.
Hepliaklqana was exalted by your worship.
You visited 8 branches of the dungeon, and saw 31 of its levels.
You also visited: Sewer and Gauntlet.

You collected 2781 gold pieces.
You spent 1668 gold pieces at shops.


Innate Abilities, Weirdness & Mutations

Your life essence is reduced to manifest your ancestor. (-10% HP)
You have a pair of large horns on your head.
You reflexively headbutt those who attack you in melee.
You are partially covered in large bone plates. (SH +4)
Your body sometimes deteriorates upon taking damage.


   Skills:
 + Level 20.7 Fighting
 - Level 2.4 Long Blades
 - Level 3.5 Maces & Flails
 - Level 16.0 Polearms
 - Level 16.3 Armour
 + Level 7.9 Dodging
 - Level 16.7 Shields
 - Level 2.8 Spellcasting


You had 20 spell levels left.
You didn't know any spells.
Your spell library contained the following spells:

 Spells                   Type           Power      Damage    Failure   Level
 Animate Skeleton         Necr           2%         N/A       89%         1
 Apportation              Tloc           2%         N/A       89%         1
 Freeze                   Ice            4%         1d3       89%         1
 Magic Dart               Conj           4%         1d3       89%         1
 Sandblast                Erth           2%         2d4       89%         1
 Shock                    Conj/Air       4%         1d3       89%         1
 Slow                     Hex            4%         N/A       89%         1
 Sting                    Tmut/Pois      4%         1d3       89%         1
 Summon Small Mammal      Summ           4%         N/A       89%         1
 Blink                    Tloc           2%         N/A       96%         2
 Call Imp                 Summ           1%         N/A       96%         2
 Ensorcelled Hibernation  Hex/Ice        2%         N/A       96%         2
 Passwall                 Tmut/Erth      0%         N/A       96%         2
 Poisonous Vapours        Pois/Air       2%         N/A       96%         2
 Call Canine Familiar     Summ           1%         N/A       99%         3
 Confusing Touch          Hex            1%         N/A       99%         3
 Conjure Flame            Conj/Fire      1%         6-21      99%         3
 Ignite Poison            Fire/Tmut/Pois 1%         N/A       99%         3
 Lesser Beckoning         Tloc           1%         N/A       99%         3
 Mephitic Cloud           Conj/Pois/Air  1%         N/A       99%         3
 Ozocubu's Armour         Ice            1%         N/A       99%         3
 Portal Projectile        Hex/Tloc       2%         N/A       99%         3
 Spider Form              Tmut/Pois      1%         N/A       99%         3
 Stone Arrow              Conj/Erth      2%         3d7       99%         3
 Swiftness                Air            1%         N/A       99%         3
 Vampiric Draining        Necr           1%         2d6       99%         3
 Anguish                  Hex/Necr       0%         N/A       100%        4
 Cause Fear               Hex            0%         N/A       100%        4
 Fulminant Prism          Conj/Hex       0%         3d6       100%        4
 Hailstorm                Conj/Ice       1%         3d3       100%        4
 Ice Form                 Ice/Tmut       1%         N/A       100%        4
 Leda's Liquefaction      Hex/Erth       0%         N/A       100%        4
 Olgreb's Toxic Radiance  Pois           1%         N/A       100%        4
 Sticky Flame             Conj/Fire      1%         2d3       100%        4
 Manifold Assault         Tloc           1%         N/A       100%        5
 Silence                  Hex/Air        0%         N/A       100%        5
 Summon Forest            Summ/Tloc      0%         N/A       100%        5
 Summon Mana Viper        Hex/Summ       1%         N/A       100%        5
 Dispersal                Tloc           0%         N/A       100%        6
 Eringya's Noxious Bog    Tmut/Pois      0%         N/A       100%        6
 Simulacrum               Ice/Necr       0%         N/A       100%        6
 Statue Form              Tmut/Erth      0%         N/A       100%        6
 Summon Cactus Giant      Summ           0%         N/A       100%        6
 Dragon Form              Tmut           0%         N/A       100%        7
 Ozocubu's Refrigeration  Ice            0%         4d5       100%        7
 Disjunction              Tloc           0%         N/A       100%        8
 Ignition                 Fire           0%         3d3       100%        8
 Chain Lightning          Conj/Air       0%         2d1       100%        9
 Dragon's Call            Summ           0%         N/A       100%        9
 Fire Storm               Conj/Fire      0%         6d1       100%        9

Inventory:

Hand Weapons
 a - the +12 spear of Rymomesan (weapon) {vamp, Will+ rCorr Str-3 Dex+4, polearm}
   (You found it on level 3 of the Dungeon)

   It occasionally heals its wielder for a portion of the damage dealt when it
   wounds a living foe.
   Str:       It affects your strength (-3).
   Dex:       It affects your dexterity (+4).
   rCorr:     It protects you from acid and corrosion.
   Will:      It increases your willpower.
 b - the +7 morningstar "Unkoho" {vorpal, rPois Will+++ MP+9 Dex-2, mace}
   (You found it on level 12 of the Dungeon)

   It inflicts extra damage upon your enemies.
   Dex:       It affects your dexterity (-2).
   rPois:     It protects you from poison.
   MP:        It affects your magic capacity (+9).
   Will:      It greatly increases your willpower.
 i - the +5 trident "Cosanouw" {venom, *Slow rElec Int+4 Dex+3, polearm}
   (You found it on level 4 of the Lair of Beasts)

   It poisons the flesh of those it strikes.
   Int:       It affects your intelligence (+4).
   Dex:       It affects your dexterity (+3).
   rElec:     It insulates you from electricity.
   *Slow:     It may slow you when you take damage.
 o - a +2 scimitar of flaming {long}
   (You took it off an efreet on level 10 of the Dungeon)
 S - the +11 lajatang of Mowifoegg {vorpal, rC+ Int+2, staff}
   (You took it off an orc knight on level 10 of the Dungeon)

   It inflicts extra damage upon your enemies.
   Int:       It affects your intelligence (+2).
   rC:        It protects you from cold.
Missiles
 y - 16 poisoned darts (quivered) {throwing}
 H - 14 javelins {throwing}
Armour
 r - the +10 plate armour of Circular Logic (worn) {Fly}
   (You found it on level 10 of the Dungeon)

   Fly:       It grants you flight.
 z - a +2 pair of gloves (worn)
   (You found it on level 1 of the Lair of Beasts)
 M - a +5 kite shield of resistance (worn)
   (You found it on level 8 of the Dungeon)
 Q - the +2 pair of boots "Paidd" (worn) {rF- rN++ Regen+ Int-2}
   (You found it on level 10 of the Dungeon)

   Int:       It affects your intelligence (-2).
   rF:        It makes you vulnerable to fire.
   rN:        It greatly protects you from negative energy.
   Regen:     It increases your rate of health regeneration.
 Z - a +2 cloak of willpower (worn)
   (You found it in a Gauntlet)
Jewellery
 n - the ring of Povob {rElec rC++ rCorr Str-4 Dex-2}
   (You took it off a fire giant on level 12 of the Dungeon)

   [ring of resist corrosion]

   Str:       It affects your strength (-4).
   Dex:       It affects your dexterity (-2).
   rC:        It greatly protects you from cold.
   rElec:     It insulates you from electricity.
   rCorr:     It protects you from acid and corrosion.
 u - a ring of poison resistance
   (You found it on level 2 of the Lair of Beasts)
 v - a ring of protection from cold
   (You found it on level 13 of the Dungeon)
 x - a ring of willpower
   (You found it on level 2 of the Lair of Beasts)
 G - the ring "Byppaaj" (right hand) {rF+ Str+6}
   (You bought it in a shop on level 2 of the Orcish Mines)

   [ring of strength]

   Str:       It affects your strength (+6).
   rF:        It protects you from fire.
 L - the amulet "Jufaymm" (around neck) {Reflect Int+4 SH+5}
   (You bought it in a shop on level 2 of the Orcish Mines)

   [amulet of reflection]

   It reflects blocked missile attacks.
   Int:       It affects your intelligence (+4).
   SH:        It affects your SH (+5).
 U - a ring of positive energy
   (You found it on level 12 of the Dungeon)
 V - a ring of protection from cold
   (You found it on level 1 of the Lair of Beasts)
 X - a +6 ring of strength (left hand)
   (You found it in a Gauntlet)
Wands
 g - a wand of polymorph (10)
   (You found it on level 6 of the Lair of Beasts)
 E - a wand of flame (17)
   (You found it on level 6 of the Dungeon)
 N - a wand of mindburst (6)
   (You found it on level 4 of the Lair of Beasts)
 O - a wand of paralysis (23)
   (You took it off an orc wizard on level 9 of the Dungeon)
 T - a wand of acid (4)
   (You found it on level 2 of the Swamp)
 Y - a wand of iceblast (20)
   (You found it on level 12 of the Dungeon)
Scrolls
 d - 7 scrolls of fog
 j - 5 scrolls of immolation {!r!r}
 k - 8 scrolls of teleportation {@r4}
 l - 4 scrolls of magic mapping {!r}
 m - 4 scrolls of noise {!r}
 p - 2 scrolls of blinking {!r}
 q - 2 scrolls of summoning
 t - a scroll of holy word
 J - a scroll of enchant armour
 P - 3 scrolls of enchant weapon
 W - 3 scrolls of fear
Potions
 c - 6 potions of resistance
 e - 6 potions of attraction {!q}
 f - 2 potions of heal wounds {@q2}
 h - 3 potions of invisibility
 s - 6 potions of haste {@q3}
 w - 4 potions of berserk rage {!q}
 B - 5 potions of brilliance
 C - a potion of mutation {!q}
 D - 6 potions of curing {@q1}
 F - 2 potions of might
 I - 2 potions of cancellation
Miscellaneous
 A - a phantom mirror
   (You found it on level 14 of the Dungeon)
 K - a lightning rod (4/4)
   (You found it on level 12 of the Dungeon)
 R - a box of beasts
   (You found it on level 5 of the Lair of Beasts)

Dungeon Overview and Level Annotations

Branches:
Dungeon (15/15)            Temple (1/1) D:7            Lair (6/6) D:10
  Swamp (4/4) Lair:4       Spider (0/4) Lair:2        Slime (1/5) Lair:6
    Orc (2/2) D:12            Elf (1/3) Orc:2        Vaults (0/5) D:13
 Depths (1/4) D:15          Sewer (visited)         Gauntlet (visited)

Altars:
Ashenzari
Cheibriados
Dithmenos
Elyvilon
Fedhas
Gozag
Hepliaklqana
Kikubaaqudgha
Makhleb
Nemelex Xobeh
Okawaru
Qazlal
Ru
Sif Muna
Trog
Uskayaw
Vehumet
Wu Jian
Xom
Yredelemnul
Zin
The Shining One
Jiyva

Shops:
D:6 *   D:10 ?   Orc:2 :=?[=

Annotations:
D:10 3 runed translucent doors, zorge82's ghost, journeyman HOFi
Swamp:4 Lernaean hydra

♣≈.≈≈≈≈≈≈≈
♣≈≈≈≈≈≈≈.. ≈.
.≈≈≈≈≈.♣♣♣♣≈≈
≈≈≈....≈..≈≈
♣≈....≈≈....
♣≈.≈≈≈≈≈....
♣♣♣.≈≈≈≈i≈≈≈§.
♣≈≈≈≈ZZ≈°°.≈≈.
♣♣§♣♣≈t@R°°≈♣
♣○°♣♣.○.≈♣♣♣♣
♣°Z..≈≈≈ZZ♣
≈....≈≈≈≈○≈♣♣
♣.[.≈≈≈≈≈≈.♣♣
♣≈§§≈≈≈≈≈≈≈.♣
≈.≈≈≈.≈≈...♣.≈
≈♣♣.≈≈§.≈♣♣♣.≈♣
...≈≈§.♣ ♣♣♣


You could see an eleionoma, a spriggan rider, a ghost crab, 2 spectral death
drakes, a spectral snapping turtle (summoned) and a spectral alligator snapping
turtle (summoned).


Message History

The four-headed hydra bites you but does no damage.
You block the four-headed hydra's attack.
The four-headed hydra bites you.
* * * LOW HITPOINT WARNING * * *
You block the four-headed hydra's attack.
You block the spriggan rider's attack. 😨 HP[-2]
You take 2 damage, and now have 40/148 hp.
You barely miss the four-headed hydra. You headbutt the four-headed hydra!
You block the four-headed hydra's attack.
The four-headed hydra bites you but does no damage.
The four-headed hydra bites you.
* * * LOW HITPOINT WARNING * * *
The four-headed hydra closely misses you.
You block the spriggan rider's attack. The ghost crab bites you!
* * * LOW HITPOINT WARNING * * *
You partially resist.
You feel drained. You block the ghost crab's attack.
The four-headed hydra barely misses you.
You furiously retaliate!
You headbutt the four-headed hydra!
The four-headed hydra bites you but does no damage. x3
The spriggan rider hits you but does no damage. 😱 HP[-12]
You now have 146 max hp (-2).
You take 12 damage, and now have 28/146 hp.
You feel much better.
The ghost crab breathes spectral mist at you.
The spectral mist engulfs you but does no damage.
The four-headed hydra bites you but does no damage.
You block the four-headed hydra's attack. x3
You block the spriggan rider's attack. 😨 HP[+20]
You regained 20 hp, and now have 48/146 hp.
Really quaff
w - 5 potions of berserk rage {!q}?
A red film seems to cover your vision as you go berserk!
You feel yourself moving faster!
You feel mighty!
You are engulfed in spectral mist.
The ghost crab breathes spectral mist at you.
The spectral mist engulfs you but does no damage.
The four-headed hydra is engulfed in spectral mist.
You block the four-headed hydra's attack. x2
The four-headed hydra closely misses you.
The four-headed hydra bites you but does no damage.
The spriggan rider hits you but does no damage. 😨 HP[+25]
You now have 219 max hp (+73).
You regained 25 hp, and now have 73/219 hp.
You chop one of the four-headed hydra's heads off!
The flame cauterises the wound!
You slash the three-headed hydra! You burn the three-headed hydra.
You are engulfed in spectral mist.
You block the ghost crab's attack. x2
The three-headed hydra is engulfed in spectral mist.
The three-headed hydra dies!
Your life force feels restored. 😨 HP[+1]
You now have 222 max hp (+3).
You hit the ghost crab. You burn the ghost crab.
You are engulfed in spectral mist.
You block the spriggan rider's attack. 😨 HP[+1]
You barely miss the ghost crab. Your headbutt misses the ghost crab.
You are engulfed in spectral mist.
The ghost crab bites you.
* * * LOW HITPOINT WARNING * * *
You block the ghost crab's attack.
You block the spriggan rider's attack. 😨 HP[-3]
You take 3 damage, and now have 72/222 hp.
You hit the ghost crab but do no damage.
You are engulfed in spectral mist.
* * * LOW HITPOINT WARNING * * *
The spectral spriggan air mage fades away!
The ghost crab breathes spectral mist at you.
The spectral mist engulfs you but does no damage.
The spriggan rider hits you from afar with a +0 spear!
* * * LOW HITPOINT WARNING * * *
The eleionoma flows through the trees.
The spectral alligator snapping turtle bites you from afar!!
* * * LOW HITPOINT WARNING * * *
😱 HP[-45]
You take 45 damage, and now have 27/222 hp.
MASSIVE DAMAGE!! (PAUSE)
You slice the ghost crab!! You burn the ghost crab.
You headbutt the ghost crab!!
You are engulfed in spectral mist.
You block the ghost crab's attack. x2; The spectral snapping turtle bites you.
* * * LOW HITPOINT WARNING * * *
The eleionoma is engulfed in spectral mist.
The eleionoma hits you!
* * * LOW HITPOINT WARNING * * *
The spriggan rider hits you but does no damage.
The spectral alligator snapping turtle bites you from afar!
* * * LOW HITPOINT WARNING * * *
😱 HP[-23]
You take 23 damage, and now have 4/222 hp.
Your +2 scimitar of flaming {long} stops flaming.
You feel weaker.
You feel agile.
You feel a sense of dread.
a - the +12 spear of Rymomesan (weapon)
{vamp, Will+ rCorr Str-3 Dex+4, polearm} You are engulfed in spectral mist.
You puncture the ghost crab!
You are engulfed in spectral mist.
You die...

Skill      XL: |  1  2  3  4  5  6  7  8  9 10 11 12 13 14 15 16 |
---------------+-------------------------------------------------+-----
Armour         | 4 5 6 7 8 9 11 12 14 16 | 16.3
Fighting       | 4 5 6 7 8 9 11 12 14 15 18 19 20 | 20.7
Shields        | 4 5 6 7 8 10 11 13 16 | 16.7
Polearms       | 1 2 4 6 8 9 11 12 15 16 | 16.0
Dodging        | 2 4 5 7 |  7.9
Maces & Flails | 3 |  3.5
Spellcasting   | 2 |  2.8
Long Blades    | |  2.4

Action                   |  1- 3 |  4- 6 |  7- 9 | 10-12 | 13-15 | 16-18 || total
-------------------------+-------+-------+-------+-------+-------+-------++-------
Melee: Long sword        |    78 |    64 |       |       |       |       ||   142
       Headbutt          |    10 |    18 |    53 |   169 |   403 |    73 ||   726
       Spear             |       |    92 |   206 |   631 |  1250 |   198 ||  2377
       Scimitar          |       |       |       |    25 |    18 |    27 ||    70
       Morningstar       |       |       |       |       |   199 |    40 ||   239
       Trident           |       |       |       |       |     4 |       ||     4
Throw: Javelin           |       |       |       |       |     2 |       ||     2
       Dart              |       |       |       |       |     2 |       ||     2
Invok: Ancestor Life: He |       |       |       |     1 |       |       ||     1
Evoke: Wand              |       |       |     4 |     3 |     2 |     3 ||    12
       Phantom mirror    |       |       |       |     1 |       |       ||     1
  Use: Scroll            |       |     2 |     5 |    16 |    11 |     3 ||    37
       Potion            |       |     1 |       |     5 |     1 |     4 ||    11
 Stab: Distracted        |       |       |       |    10 |    12 |     1 ||    23
       Confused          |       |       |       |     3 |    18 |       ||    21
       Paralysed         |       |       |       |       |    24 |     7 ||    31
Armor: Scale mail        |    49 |    34 |       |       |       |       ||    83
       Chain mail        |       |   102 |    98 |       |       |       ||   200
       Plate armour      |       |       |     1 |   277 |   530 |   283 ||  1091
Dodge: Dodged            |    31 |    83 |    63 |   115 |   292 |    99 ||   683
Block: Buckler           |    24 |    67 |    47 |       |       |       ||   138
       Kite shield       |       |       |     7 |   436 |  1171 |   361 ||  1975
       Reflection        |       |       |       |       |     3 |    13 ||    16

Levels and vault maps discovered:
D:1:      dpeg_arrival_morbid_curiosity, layout_basic,
          shapermc_ecumenical_altar_notcrosses
D:2:      layout_basic, grunt_decor_one_mirror, minmay_strange_pillars,
          minmay_misc_feat_diagonals, minmay_hexomino_u4
D:3:      layout_rooms, fedhas_altar_fruit_tree
D:4:      layout_cave_pods, minmay_manual_mares
D:5:      layout_cave_pods, cheibrodos_sewer_entry_bend,
          minmay_misc_feat_pillars, minmay_mini_ossuary
D:6:      layout_layer_cave, kennysheep_small_circle
D:7:      layout_loops_ring, kennysheep_okawaru_gauntlet,
          minmay_temple_entry_sparse_star
D:8:      layout_basic, nicolae_overflow_hidden_temple, serial_curves,
          eino_curves_01, eino_curves_01, grunt_ministairs_14
D:9:      layout_loops_ring, ashenzari_conservatory_becter,
          kennysheep_generic_room_7
D:10:     minmay_cut_squares, layout_long_grid, serial_shops,
          nicolae_shop_statue_plus, ebering_ghost_gozag,
          hangedman_abyss_or_decor_stabs, minmay_misc_feat_tiny, uniq_grum
D:11:     layout_cave_pods, minmay_fire_ice_demons
D:12:     minmay_strange_plus, layout_cave_pods, zombieorc2_lemuel, serial_park,
          serial_park_tiny_2, serial_park_tiny_pond, serial_park_tiny_pond
D:13:     layout_gridville, david_vaults_2, ebering_ghost_disaster_area
D:14:     layout_long_grid, gauntlet_entry_generic
D:15:     gammafunk_depths_entry_grave, layout_loops_ring,
          nicolae_dithmenos_the_darkroom
Temple:   nicolae_temple_elliptical
Lair:1:   layout_chaotic_city
Lair:2:   beast_lair_carwin_large_3, layout_gridlike,
          nicolae_spider_entry_non_spiders, uniq_maggie, uniq_sonja
Lair:3:   gammafunk_mikee_crab_dinner, layout_long_grid, st_stairs_6,
          chequers_serial_rivers_large_b, roderic_carrion_pond, uniq_urug
Lair:4:   layout_layer_cave, skrybe_swamp_entry_bodies, serial_rivers,
          chequers_serial_rivers_micro_c, chequers_serial_rivers_room_a,
          chequers_serial_rivers_small_b, chequers_serial_rivers_small_3,
          chequers_serial_rivers_small_b, chequers_serial_rivers_marsh,
          chequers_serial_rivers_small_3, lemuel_fruit_tree
Lair:5:   layout_cave_pods, serial_bayou, serial_bayou_pond_c,
          serial_bayou_pond_a, serial_bayou_ford_a, serial_bayou_pond_c,
          lemuel_fruit_fields
Lair:6:   hangedman_lair_caniforms_friends, layout_layer_cave, slime_altar_1,
          nzn_masters_of_martial_movement
Swamp:1:  layout_falls_marsh, nicolae_swamp_some_circles, swamp_pool1,
          uniq_roxanne
Swamp:2:  nicolae_swamp_secret_spriggan_hideout, layout_basic_swamp,
          nicolae_swamp_orc_logging_accident, infiniplex_staircase_pool
Swamp:3:  layout_basic_swamp, serial_swamp_ruin, evilmike_swamp_ruin_house_5,
          evilmike_swamp_ruin_wall, swamp_pool3, uniq_bai_suzhen
Swamp:4:  swamp_old_school, layout_basic_swamp
Slime:1:  layout_caves
Orc:1:    layout_caves
Orc:2:    st_orc_rangers, layout_caves, serial_shops, nicolae_shop_waterfront
Elf:1:    layout_geoelf_octagon, minivault_28, uniq_frances
Depths:1: layout_basic, enter_ziggurat_c, abyss_entry,
          nicolae_wu_jian_immortal_techniques, hell_entry, grunt_tough_drop

Notes
Turn   | Place    | Note
-------+----------+-------------------------------------------
     0 | D:1      | Faeu the Minotaur Fighter began the quest for the Orb.
     0 | D:1      | Reached XP level 1. HP: 19/19 MP: 0/0
     0 | D:1      | magus.rc [v1.9.6]
   229 | D:1      | Found a faded altar of an unknown god.
   241 | D:1      | Reached XP level 2. HP: 24/27 MP: 1/1
   302 | D:1      | Reached skill level 4 in Armour
   304 | D:1      | Reached skill level 4 in Fighting
   305 | D:1      | Reached skill level 4 in Shields
   489 | D:1      | Reached XP level 3. HP: 27/33 MP: 2/2
   884 | D:2      | Noticed a phantom
   896 | D:2      | Killed a phantom
   897 | D:2      | Reached XP level 4. HP: 19/41 MP: 3/3
  1315 | D:2      | You pick up a book of Minor Magic and begin reading...
  1315 | D:2      | You add the spells Magic Dart, Call Imp and Mephitic Cloud
                  | to your library.
  2104 | D:3      | Reached skill level 5 in Armour
  2131 | D:3      | Identified the +12 spear of Rymomesan {vamp, Will+ rCorr
                  | Str-3 Dex+4}
  2175 | D:2      | Reached XP level 5. HP: 25/47 MP: 4/4
  2449 | D:3      | Reached skill level 5 in Fighting
  2449 | D:3      | Reached skill level 5 in Shields
  2526 | D:3      | Found a blossoming altar of Fedhas.
  3128 | D:4      | Noticed a centaur
  3128 | D:4      | Noticed a centaur
  3811 | D:4      | Killed a centaur
  3812 | D:4      | Reached skill level 1 in Polearms
  3812 | D:4      | Reached XP level 6. HP: 27/56 MP: 5/5
  4196 | D:4      | You pick up a book of Spatial Translocations and begin
                  | reading...
  4196 | D:4      | You add the spells Blink, Lesser Beckoning and Manifold
                  | Assault to your library.
  4246 | D:5      | Entered Level 5 of the Dungeon
  4268 | D:5      | Found a glowing drain.
  4296 | Sewer    | Entered a sewer
  4317 | Sewer    | Reached skill level 2 in Polearms
  4698 | Sewer    | Reached skill level 6 in Armour
  4725 | Sewer    | Reached skill level 6 in Fighting
  4725 | Sewer    | Reached skill level 6 in Shields
  4725 | Sewer    | Reached XP level 7. HP: 54/63 MP: 6/6
  4729 | Sewer    | Reached skill level 3 in Polearms
  5019 | D:5      | You pick up a book of Dreams and begin reading...
  5019 | D:5      | You add the spells Ensorcelled Hibernation, Spider Form and
                  | Anguish to your library.
  5534 | D:5      | You pick up a book of Cantrips and begin reading...
  5534 | D:5      | You add the spells Animate Skeleton, Summon Small Mammal
                  | and Apportation to your library.
  5688 | D:6      | Reached skill level 4 in Polearms
  6061 | D:6      | Reached skill level 7 in Fighting
  6061 | D:6      | Reached skill level 7 in Armour
  6061 | D:6      | Reached XP level 8. HP: 64/73 MP: 7/7
  6254 | D:6      | Found Diwistren's General Store.
  6261 | D:6      | Reached skill level 1 in Dodging
  6427 | D:6      | Reached skill level 5 in Polearms
  6519 | D:6      | Reached skill level 2 in Dodging
  6757 | D:6      | Reached skill level 8 in Armour
  6786 | D:6      | Reached skill level 8 in Fighting
  6864 | D:6      | Reached skill level 6 in Polearms
  7154 | D:7      | Reached skill level 7 in Shields
  7154 | D:7      | Reached XP level 9. HP: 76/82 MP: 8/8
  7184 | D:7      | Found a staircase to the Ecumenical Temple.
  7442 | D:7      | Found an iron altar of Okawaru.
  7775 | D:8      | Reached skill level 7 in Polearms
  7785 | D:8      | Reached skill level 9 in Fighting
  7785 | D:8      | Reached skill level 9 in Armour
  7785 | D:8      | Reached skill level 8 in Shields
  7914 | D:8      | Found an ornate altar of the Wu Jian Council.
  8023 | D:8      | You pick up a book of Burglary and begin reading...
  8023 | D:8      | You add the spells Passwall and Swiftness to your library.
  8076 | D:8      | Found a shadowy altar of Dithmenos.
  8080 | D:8      | Found a white marble altar of Elyvilon.
  8269 | Temple   | Entered the Ecumenical Temple
  8425 | Temple   | Became a worshipper of Hepliaklqana the Forgotten
  8541 | D:8      | Reached skill level 8 in Polearms
  8541 | D:8      | Reached XP level 10. HP: 86/91 MP: 9/9
  8751 | D:8      | You pick up a book of Dreams and begin reading...
  9092 | D:9      | Noticed a two-headed ogre
  9114 | D:9      | Killed a two-headed ogre
  9115 | D:9      | Reached skill level 10 in Fighting
  9115 | D:9      | Reached skill level 10 in Armour
  9115 | D:9      | Reached skill level 9 in Shields
  9508 | D:9      | Found a broken altar of Ashenzari.
  9599 | D:9      | Reached skill level 9 in Polearms
  9911 | D:10     | Entered Level 10 of the Dungeon
  9930 | D:10     | Noticed a manticore
 10003 | D:10     | Noticed Grum
 10013 | D:10     | Killed Grum
 10014 | D:10     | Reached skill level 10 in Shields
 10034 | D:10     | Reached * piety under Hepliaklqana
 10042 | D:10     | Found Ponairch's Magic Scroll Emporium.
 10093 | D:10     | Found a staircase to the Lair.
 10141 | D:10     | Noticed a fire dragon
 10144 | D:10     | Identified the +11 lajatang of Mowifoegg {vorpal, rC+
                  | Int+2}
 10144 | D:10     | Noticed an orc knight
 10177 | D:9      | Reached skill level 11 in Armour
 10326 | D:10     | HP: 15/84 [orc knight/the +11 lajatang of Mowifoegg
                  | {vorpal, rC+ Int+2} (26)]
 10345 | Lair:1   | Entered Level 1 of the Lair of Beasts
 10345 | Lair:1   | Noticed a black mamba
 10396 | D:10     | Noticed a deep elf pyromancer
 10402 | D:10     | Killed a deep elf pyromancer
 10403 | D:10     | Reached skill level 11 in Fighting
 10403 | D:10     | Reached XP level 11. HP: 57/91 MP: 10/10
 10726 | D:10     | Reached skill level 10 in Polearms
 10756 | D:10     | Found a runed translucent gate.
 10756 | D:10     | Found a runed translucent gate.
 10756 | D:10     | Found a runed translucent gate.
 10758 | D:10     | Noticed a centaur warrior
 10758 | D:10     | Noticed a two-headed ogre
 10759 | D:10     | Found an opulent altar of Gozag.
 10759 | D:10     | Noticed a red ugly thing
 10810 | D:10     | Noticed zorge82's ghost (journeyman HOFi)
 10841 | D:10     | Reached ** piety under Hepliaklqana
 10842 | D:10     | Remembered your ancestor Busisiwe as a hexer
 10843 | D:10     | Noticed a six-headed hydra
 10858 | D:10     | Killed a one-headed hydra
 11085 | D:10     | Identified the +10 plate armour of Circular Logic {Fly}
 11159 | D:10     | Identified the +2 pair of boots "Paidd" {rF- rN++ Regen+
                  | Int-2}
 11246 | D:10     | Identified the +3 plate armour of the Sun {Str+6}
 11362 | D:10     | Killed an orc knight
 11590 | D:11     | Reached skill level 11 in Shields
 11656 | D:11     | You pick up a book of Minor Magic and begin reading...
 11663 | D:11     | Identified the +5 whip of the Candle {vamp, Fly rPois
                  | Stlth-}
 12013 | D:11     | Noticed a two-headed ogre
 12023 | D:11     | Killed a two-headed ogre
 12024 | D:11     | Reached skill level 12 in Armour
 12073 | D:11     | Reached skill level 12 in Fighting
 12383 | D:12     | Found a staircase to the Orcish Mines.
 12388 | D:12     | Noticed a two-headed ogre
 12423 | D:13     | Reached skill level 11 in Polearms
 12531 | D:13     | Noticed a two-headed ogre
 12540 | D:13     | Killed a two-headed ogre
 12592 | D:13     | Found a large runed translucent door.
 12592 | D:13     | Found a large runed translucent door.
 12597 | D:13     | Noticed 101zpm's ghost (journeyman DjFE)
 12599 | D:13     | Reached *** piety under Hepliaklqana
 12600 | D:13     | Noticed a centaur warrior
 12606 | D:13     | Noticed a boulder beetle
 12613 | D:13     | Killed a centaur warrior
 12643 | D:13     | Killed a boulder beetle
 12644 | D:13     | Reached XP level 12. HP: 101/101 MP: 11/11
 12697 | D:13     | Noticed a six-headed hydra
 12703 | D:13     | Noticed a jorogumo
 12703 | D:13     | a six-headed hydra changed into a jorogumo
 12706 | D:13     | Noticed a great orb of eyes
 12706 | D:13     | a jorogumo changed into a great orb of eyes
 12712 | D:13     | Killed a great orb of eyes
 12713 | D:13     | Reached skill level 12 in Shields
 12887 | D:13     | Noticed a seven-headed hydra
 12895 | D:13     | Killed a four-headed hydra
 13113 | D:13     | Found a gate to the Vaults.
 13128 | D:13     | You add the spells Sting, Poisonous Vapours and Olgreb's
                  | Toxic Radiance to your library.
 13190 | D:13     | Noticed a two-headed ogre
 13195 | D:13     | Killed a two-headed ogre
 13196 | D:13     | Reached skill level 13 in Armour
 13490 | D:14     | Noticed a two-headed ogre
 13500 | D:14     | Killed a two-headed ogre
 13501 | D:14     | Reached skill level 13 in Fighting
 13501 | D:14     | Reached skill level 12 in Polearms
 13522 | D:14     | Noticed a two-headed ogre
 13523 | D:14     | Noticed a centaur warrior
 13528 | D:14     | Killed a two-headed ogre
 13537 | D:14     | Killed a centaur warrior
 13576 | D:14     | Reached **** piety under Hepliaklqana
 13582 | D:14     | Found a gate leading to a gauntlet.
 13589 | Gauntlet | Entered a Gauntlet
 13589 | Gauntlet | Found a transporter.
 13589 | Gauntlet | Found a transporter.
 13593 | Gauntlet | Found a transporter.
 13598 | Gauntlet | Noticed a tengu warrior
 13603 | Gauntlet | Found a transporter.
 13609 | Gauntlet | Found a large runed translucent door.
 13610 | Gauntlet | Found a large runed translucent door.
 13611 | Gauntlet | Found a large runed translucent door.
 13611 | Gauntlet | Found a large runed translucent door.
 13612 | Gauntlet | Found a runed translucent gate.
 13613 | Gauntlet | Found a transporter.
 13613 | Gauntlet | Found a runed translucent gate.
 13613 | Gauntlet | Found a transporter.
 13614 | Gauntlet | Found a runed translucent gate.
 13615 | Gauntlet | Found a large runed translucent door.
 13615 | Gauntlet | Found a large runed translucent door.
 13616 | Gauntlet | Found a large runed translucent door.
 13617 | Gauntlet | Found a large runed translucent door.
 13626 | Gauntlet | Found a large runed translucent door.
 13626 | Gauntlet | Found a large runed translucent door.
 13626 | Gauntlet | Found a runed translucent door.
 13626 | Gauntlet | Found a runed translucent door.
 13627 | Gauntlet | Found a large runed translucent door.
 13637 | Gauntlet | Found a transporter.
 13644 | Gauntlet | Found a transporter.
 13652 | Gauntlet | Found a large runed translucent door.
 13652 | Gauntlet | Found a large runed translucent door.
 13653 | Gauntlet | Found a large runed translucent door.
 13654 | Gauntlet | Found a large runed translucent door.
 13656 | Gauntlet | Found a transporter.
 13669 | Gauntlet | Found a transporter.
 13718 | Gauntlet | Found a transporter.
 13731 | Gauntlet | Found a transporter.
 13747 | Gauntlet | Noticed a death scarab
 13749 | Gauntlet | Found a transporter.
 13840 | Gauntlet | Found a transporter.
 13849 | Gauntlet | Found a transporter.
 13863 | Gauntlet | Found a transporter.
 13880 | Gauntlet | Found a large runed translucent door.
 14444 | Gauntlet | Reached skill level 13 in Shields
 14524 | Gauntlet | Noticed a minotaur
 14539 | Gauntlet | HP: 23/103 [minotaur/+0 glaive of flaming (28)]
 14550 | Gauntlet | Killed a minotaur
 14815 | Gauntlet | Identified the +1 leather armour "Hubret" {rPois}
 14818 | Gauntlet | You add the spells Freeze, Confusing Touch, Ozocubu's
                  | Armour and Silence to your library.
 14818 | Gauntlet | Got the Collected Works on Execration and Cold {@e2}
 14821 | Gauntlet | You pick up a book of the Warp and begin reading...
 14821 | Gauntlet | You add the spells Dispersal and Disjunction to your
                  | library.
 14912 | D:14     | magus.rc [v1.9.6]
 15116 | D:14     | Noticed a centaur warrior
 15117 | D:14     | Noticed a centaur warrior
 15120 | D:14     | Noticed a boulder beetle
 15123 | D:14     | Noticed a centaur warrior
 15128 | D:14     | Noticed a fire dragon
 15134 | D:14     | Noticed a centaur warrior
 15135 | D:14     | Noticed an eight-headed hydra
 15144 | D:14     | Noticed a centaur warrior
 15273 | D:14     | Noticed a four-headed hydra
 15284 | D:14     | Killed a one-headed hydra
 15285 | D:14     | Reached skill level 14 in Armour
 15334 | D:14     | Noticed a boulder beetle
 15334 | D:14     | Noticed a centaur warrior
 15337 | D:14     | Noticed a two-headed ogre
 15353 | D:14     | Noticed a centaur warrior
 15357 | D:14     | Noticed a two-headed ogre
 15393 | D:14     | Noticed a centaur warrior
 15397 | D:14     | Noticed a centaur warrior
 15690 | D:14     | Noticed a centaur warrior
 15703 | D:14     | Killed a centaur warrior
 15704 | D:14     | Reached skill level 14 in Fighting
 15865 | D:15     | Entered Level 15 of the Dungeon
 15887 | D:15     | Noticed a rakshasa
 15919 | D:15     | Killed a rakshasa
 15920 | D:15     | Reached XP level 13. HP: 85/111 MP: 12/12
 16020 | D:15     | Found a staircase to the Depths.
 16339 | D:15     | Found a shadowy altar of Dithmenos.
 16358 | D:15     | Reached skill level 15 in Armour
 16370 | D:15     | Reached skill level 15 in Fighting
 16435 | D:15     | You add the spells Conjure Flame, Ignite Poison and Sticky
                  | Flame to your library.
 16633 | D:15     | Reached ***** piety under Hepliaklqana
 17131 | D:13     | Killed 101zpm's ghost
 17138 | D:13     | Identified the +0 ring mail of Patterns {rC+ Dex+2}
 17279 | D:12     | Noticed an ettin
 17292 | D:12     | Noticed a sphinx
 17295 | D:12     | Killed an ettin
 17298 | D:12     | Identified the ring of Povob {rElec rC++ rCorr Str-4 Dex-2}
 17298 | D:12     | Noticed a fire giant
 17697 | D:12     | You are sucked into a shaft and drop 3 floors!
 17706 | Depths:1 | Entered Level 1 of the Depths
 17706 | Depths:1 | Noticed a fire giant
 18059 | D:12     | Reached skill level 16 in Armour
 18206 | D:12     | Reached skill level 3 in Dodging
 18318 | D:12     | Killed a fire giant
 18319 | D:12     | Reached skill level 4 in Dodging
 18370 | D:12     | You add the spells Sandblast, Stone Arrow and Fire Storm to
                  | your library.
 18370 | D:12     | Got the Compendium of the Earthen Arsonist
 18378 | D:12     | Identified the +7 morningstar "Unkoho" {vorpal, rPois
                  | Will+++ MP+9 Dex-2}
 18411 | D:12     | You add the spells Shock, Fulminant Prism, Eringya's
                  | Noxious Bog and Chain Lightning to your library.
 18411 | D:12     | Got the Guide on Poison and Battle Magic
 18592 | D:12     | Killed a sphinx
 18593 | D:12     | Reached skill level 1 in Maces & Flails
 18593 | D:12     | Reached skill level 1 in Spellcasting
 18721 | D:12     | Reached skill level 2 in Maces & Flails
 18947 | D:12     | Reached skill level 2 in Spellcasting
 19608 | D:10     | Killed a fire dragon
 20167 | Orc:1    | Entered Level 1 of the Orcish Mines
 20188 | Orc:1    | Reached skill level 3 in Maces & Flails
 20447 | Orc:1    | Reached XP level 14. HP: 122/122 MP: 17/17
 20461 | Orc:1    | Reached skill level 16 in Fighting
 20758 | Orc:2    | Entered Level 2 of the Orcish Mines
 20758 | Orc:2    | Found a staircase to the Elven Halls.
 20936 | Orc:2    | Found Naucoliu's Book Emporium.
 21077 | Orc:2    | Reached skill level 14 in Shields
 21188 | Orc:2    | Found Pipiur's Magic Scroll Emporium.
 21188 | Orc:2    | Found Bimaicea's Antique Armour Shop.
 21190 | Orc:2    | Found Ecziv's Jewellery Boutique.
 21192 | Orc:2    | Found Vekhlig's Jewellery Shoppe.
 21749 | Elf:1    | Entered Level 1 of the Elven Halls
 22293 | Lair:1   | You pick up a book of the Dragon and begin reading...
 22293 | Lair:1   | You add the spells Cause Fear, Dragon Form and Dragon's
                  | Call to your library.
 22518 | Lair:1   | Reached skill level 17 in Fighting
 22623 | Lair:1   | Reached skill level 15 in Shields
 22790 | Lair:1   | Reached ****** piety under Hepliaklqana
 23134 | Lair:2   | Noticed Maggie
 23149 | Lair:2   | Killed Maggie
 23319 | Lair:2   | Noticed Sonja
 23327 | Lair:2   | Killed Sonja
 23419 | Lair:2   | Found a hole to the Spider Nest.
 23659 | Lair:2   | Gained mutation: Your body sometimes deteriorates upon
                  | taking damage. [potion of mutation]
 23659 | Lair:2   | Gained mutation: You have a pair of large horns on your
                  | head. [potion of mutation]
 23659 | Lair:2   | Gained mutation: You are partially covered in large bone
                  | plates. (SH +4) [potion of mutation]
 23884 | Lair:3   | Noticed Urug
 23901 | Lair:3   | Killed Urug
 24174 | Lair:3   | Reached skill level 18 in Fighting
 24385 | Lair:3   | Reached skill level 16 in Shields
 24639 | Lair:3   | Found a runed translucent door.
 25112 | Lair:3   | Reached XP level 15. HP: 135/135 MP: 18/18
 25296 | Lair:3   | You pick up a book of the Tundra and begin reading...
 25296 | Lair:3   | You add the spells Hailstorm, Ice Form and Simulacrum to
                  | your library.
 25493 | Lair:4   | You pick up a book of the Hunter and begin reading...
 25493 | Lair:4   | You add the spells Call Canine Familiar, Portal Projectile
                  | and Leda's Liquefaction to your library.
 25606 | Lair:4   | Found a staircase to the Swamp.
 25608 | Lair:4   | Identified the +5 trident "Cosanouw" {venom, *Slow rElec
                  | Int+4 Dex+3}
 27740 | Lair:6   | Entered Level 6 of the Lair of Beasts
 27749 | Lair:6   | Found an ornate altar of the Wu Jian Council.
 27752 | Lair:6   | Found a hide-covered altar of Uskayaw.
 27770 | Lair:6   | Reached skill level 19 in Fighting
 27817 | Lair:6   | Reached skill level 13 in Polearms
 28214 | Lair:6   | Found a staircase to the Slime Pits.
 28214 | Lair:6   | Found a viscous altar of Jiyva.
 28342 | Lair:6   | You pick up a book of Debilitation and begin reading...
 28342 | Lair:6   | You add the spells Slow and Vampiric Draining to your
                  | library.
 28546 | Lair:6   | Reached skill level 14 in Polearms
 29059 | Lair:6   | You pick up a book of the Wilderness and begin reading...
 29059 | Lair:6   | You add the spells Summon Forest, Summon Mana Viper and
                  | Summon Cactus Giant to your library.
 29439 | Slime:1  | Entered Level 1 of the Pits of Slime
 29521 | Swamp:1  | Entered Level 1 of the Swamp
 29534 | Swamp:1  | Reached skill level 15 in Polearms
 29716 | Orc:2    | Bought the amulet "Jufaymm" {Reflect Int+4 SH+5} for 726
                  | gold pieces
 29732 | Orc:2    | Bought the ring "Byppaaj" {rF+ Str+6} for 942 gold pieces
 30470 | Swamp:1  | Reached skill level 5 in Dodging
 30470 | Swamp:1  | Reached XP level 16. HP: 139/145 MP: 19/19
 30493 | Swamp:1  | Identified a +0 robe of the Archmagi
 30633 | Swamp:1  | Identified Roxanne's Grimoire of Moulding
 30633 | Swamp:1  | Noticed Roxanne
 30734 | Swamp:1  | Killed Roxanne
 31006 | Swamp:2  | Noticed a thorn hunter
 31023 | Swamp:2  | Killed a thorn hunter
 31080 | Swamp:2  | Reached skill level 20 in Fighting
 31167 | Swamp:2  | Reached skill level 16 in Polearms
 31255 | Swamp:2  | Reached skill level 6 in Dodging
 31582 | Swamp:2  | You pick up a book of Spatial Translocations and begin
                  | reading...
 31647 | Swamp:2  | Identified the +0 leather armour "Gayss" {rC+ Int+2}
 31872 | Swamp:4  | Entered Level 4 of the Swamp
 31955 | Swamp:4  | Reached skill level 7 in Dodging
 32054 | Swamp:4  | HP: 36/148 [poisoned by a swamp dragon (poison gas)]
 32311 | Swamp:4  | Noticed the 27-headed Lernaean hydra
 32389 | Swamp:4  | HP: 33/148 [the 24-headed Lernaean hydra (8)]
 32389 | Swamp:4  | HP: 11/148 [the 24-headed Lernaean hydra (6)]
 32403 | Swamp:4  | HP: 32/148 [five-headed hydra (9)]
 32415 | Swamp:3  | HP: 36/148 [four-headed hydra (6)]
 32421 | Swamp:3  | HP: 49/222 [spriggan rider/+0 spear (17)]
 32422 | Swamp:3  | HP: 22/222 [spectral snapping turtle[a ghost crab] (6)]
 32422 | Swamp:3  | HP: 4/222 [spectral alligator snapping turtle[a ghost crab]
                  | (7)]
 32424 | Swamp:3  | Engulfed by a ghost crab's spectral mist

Vanquished Creatures
  A thorn hunter (Swamp:2)
  A sphinx (D:12)
  Roxanne (Swamp:1)
  A fire giant (D:12)
  3 ghouls (Swamp:1)
  A quicksilver ooze (Slime:1)
  An eleionoma (Swamp:2)
  3 entropy weavers (Lair:3)
  2 bunyips
  A minotaur (Gauntlet)
  An ettin (D:12)
  The ghost of 101zpm the Eclecticist, a journeyman DjFE of Qazlal (D:13)
  A rakshasa (D:15)
  A great orb of eyes (shapeshifter) (D:13)
  5 ghost crabs
  6 boulder beetles
  A spriggan zombie (D:15)
  An anaconda (shapeshifter) (D:12)
  A spriggan air mage (Swamp:1)
  11 hydras
  7 two-headed ogres
  5 centaur warriors
  3 alligators
  A spriggan berserker (Lair:4)
  5 death yaks
  Urug (Lair:3)
  Sonja (Lair:2)
  A soul eater (Gauntlet)
  2 skeletal warriors (D:15)
  5 fire crabs (Lair:3)
  3 bog bodies
  A spriggan druid (Swamp:1)
  2 swamp dragons (Swamp:4)
  5 goliath frogs
  A flayed ghost (D:15)
  2 wizards (Gauntlet)
  A lindwurm (Lair:5)
  3 orc knights
  An orc sorcerer (Orc:2)
  A necromancer (D:15)
  A deep elf pyromancer (D:10)
  7 manticores
  2 ugly things (D:12)
  3 will-o-the-wisps
  A frost giant zombie (D:15)
  6 cyclopes
  A stone giant zombie (D:15)
  7 elephants
  A black mamba (Lair:1)
  5 centaur zombies
  A torpor snail (Lair:6)
  An apocalypse crab (Lair:3)
  8 cane toads
  An unseen horror (D:10)
  Maggie (Lair:2)
  A rime drake (Lair:1)
  An efreet (D:10)
  6 komodo dragons
  2 freezing wraiths (D:15)
  A bloated husk (Swamp:1)
  A wind drake (shapeshifter) (D:13)
  10 hornets
  7 trolls
  9 polar bears (Lair:6)
  A slime creature (D:9)
  5 tyrant leeches
  9 blink frogs
  A raiju (Lair:6)
  5 dream sheep (Lair:6)
  11 spriggans
  3 shadows
  A meliai zombie (D:9)
  36 yaks
  5 wyverns
  2 wraiths
  Grum (D:10)
  A steam dragon (D:9)
  6 basilisks
  10 swamp worms
  7 vampire mosquitoes
  A swamp worm (shapeshifter) (D:13)
  4 wargs (Lair:6)
  An acid dragon (D:8)
  13 hell hounds (Lair:6)
  5 swamp drakes
  11 water moccasins
  2 ice beasts
  28 orc warriors
  11 black bears
  A human skeleton (D:15)
  A sky beast (D:6)
  25 wolves
  5 ogres
  20 centaurs
  7 necrophages
  4 boggarts
  2 phantoms
  16 bullfrogs
  6 scorpions
  2 gnoll sergeants
  6 killer bees (D:9)
  A troll zombie (D:12)
  5 wights (D:6)
  An electric eel (Lair:5)
  3 howler monkeys
  A crimson imp (D:11)
  2 jellies (D:7)
  7 hounds
  13 orc priests
  A centaur skeleton (D:6)
  3 iguanas
  21 orc wizards
  A killer bee zombie (D:9)
  5 ogre zombies (D:12)
  A mummy (D:5)
  A howler monkey zombie (D:9)
  14 gnolls
  3 adders
  7 river rats (Sewer)
  9 shadow imps
  2 white imps
  5 worms
  59 orcs
  23 ball pythons
  5 bats
  7 endoplasms
  6 giant cockroaches
  5 goblins (D:1)
  8 hobgoblins
  6 jackals
  A quokka (D:2)
  5 frilled lizards
  2 goblin zombies (D:12)
  A hobgoblin skeleton (D:12)
  3 hobgoblin zombies
  7 kobolds
  A kobold zombie (D:5)
  4 orc skeletons (D:12)
  17 orc zombies
  21 rats
741 creatures vanquished.

Vanquished Creatures (collateral kills)
  A fenstrider witch (Swamp:2)
  A bunyip (Swamp:2)
  A fire dragon (D:10)
  2 boulder beetles
  A two-headed ogre (D:13)
  3 death yaks
  An alligator (Swamp:2)
  A goliath frog (Swamp:1)
  A spriggan druid (Swamp:2)
  A swamp dragon (Swamp:4)
  An orc knight (Orc:2)
  2 orc sorcerers (Orc:2)
  3 elephants
  A black mamba (Lair:5)
  A gargoyle (D:13)
  4 cane toads
  An unseen horror (D:11)
  4 blink frogs
  A raiju (shapeshifter) (D:12)
  2 dream sheep (Lair:6)
  A shadow (D:13)
  A spriggan (Swamp:2)
  A wyvern (Lair:5)
  7 yaks
  2 water moccasins (Lair:6)
  3 hell hounds (Lair:6)
  5 orc warriors (Orc:2)
  A swamp drake (Swamp:4)
  A black bear (Lair:6)
  5 wolves
  A boggart (D:14)
  An ogre (Orc:2)
  2 bullfrogs
  A scorpion (Lair:2)
  An electric eel (Lair:5)
  An orc priest (Orc:1)
  A hound (Lair:2)
  3 orc wizards
  2 ogre zombies (D:12)
  2 gnolls
  9 orcs
  An orc skeleton (D:12)
85 creatures vanquished.

Vanquished Creatures (others)
  A hydra (Swamp:3)
  A swamp dragon (Swamp:4)
  A wizard (Gauntlet)
  2 bloated husks
  A hornet (Swamp:4)
  2 spriggans
  A boggart (D:14)
  2 ancestors (D:10)
  28 hexers
  A white imp (Gauntlet)
  An orc (Orc:2)
  6 foxfires
  19 fungi
  39 plants
  A withered plant (D:15)
106 creatures vanquished.

Grand Total: 932 creatures vanquished

Table legend:
 A = Non-vault XP
 B = Vault XP
 C = Vault XP percentage of total XP
 D = Non-vault monster count
 E = Vault monster count
 F = Vault count percentage of total count
                 A         B        C        D         E       F
            +---------+---------+-------+---------+---------+-------
      Total |  119205 |   65191 |  35.4 |     515 |     315 |  38.0
            +---------+---------+-------+---------+---------+-------
        D:1 |      37 |       9 |  19.6 |      21 |       5 |  19.2
        D:2 |      30 |     110 |  78.6 |      10 |       5 |  33.3
        D:3 |      63 |       0 |   0.0 |      16 |       0 |   0.0
        D:4 |      24 |     234 |  90.7 |      10 |       2 |  16.7
        D:5 |     358 |      32 |   8.2 |       7 |       7 |  50.0
        D:6 |    1167 |     207 |  15.1 |      21 |       3 |  12.5
        D:7 |     896 |       0 |   0.0 |       9 |       0 |   0.0
        D:8 |    2266 |     229 |   9.2 |      31 |       5 |  13.9
        D:9 |    3303 |     487 |  12.8 |      20 |       5 |  20.0
       D:10 |     703 |    4982 |  87.6 |      10 |      13 |  56.5
       D:11 |    4023 |      59 |   1.4 |      15 |       2 |  11.8
       D:12 |    4128 |    8889 |  68.3 |      15 |      45 |  75.0
       D:13 |    6840 |    2383 |  25.8 |      14 |       5 |  26.3
       D:14 |    6497 |       0 |   0.0 |      14 |       0 |   0.0
       D:15 |    6448 |    4764 |  42.5 |      13 |       8 |  38.1
     Lair:1 |    9119 |       0 |   0.0 |      23 |       0 |   0.0
     Lair:2 |    2684 |    2537 |  48.6 |      11 |      21 |  65.6
     Lair:3 |    6639 |   11279 |  62.9 |      26 |      18 |  40.9
     Lair:4 |    7053 |    1418 |  16.7 |      18 |       2 |  10.0
     Lair:5 |    3806 |       0 |   0.0 |      19 |       0 |   0.0
     Lair:6 |   12572 |   11248 |  47.2 |      46 |      57 |  55.3
    Swamp:1 |   12883 |    1286 |   9.1 |      30 |       1 |   3.2
    Swamp:2 |   13675 |     932 |   6.4 |      19 |       4 |  17.4
    Swamp:3 |       0 |     682 | 100.0 |       0 |       1 | 100.0
    Swamp:4 |    5437 |    5069 |  48.2 |      14 |      12 |  46.2
    Slime:1 |    1096 |       0 |   0.0 |       1 |       0 |   0.0
      Orc:1 |    4003 |     108 |   2.6 |      34 |       1 |   2.9
      Orc:2 |    3455 |    4467 |  56.4 |      48 |      33 |  40.7
      Sewer |       0 |     340 | 100.0 |       0 |      46 | 100.0
   Gauntlet |       0 |    3440 | 100.0 |       0 |      14 | 100.0
            +---------+---------+-------+---------+---------+-------

Illustrated notes

Table legend:
 A = Kills in this place as a percentage of kills in entire the game.
 B = Kills by you in this place as a percentage of kills by you in the entire game.
 C = Kills by friends in this place as a percentage of kills by friends in the entire game.
 D = Other kills in this place as a percentage of other kills in the entire game.
 E = Experience gained in this place as a percentage of experience gained in the entire game.
 F = Experience gained in this place divided by the number of levels of this place that you have seen.
                   A       B       C       D       E      F
               +-------+-------+-------+-------+-------+----------------------
         Total | 100.0 | 100.0 | 100.0 | 100.0 | 100.0 | 5587.8
       Dungeon |  39.9 |  42.8 |  17.6 |  11.1 |  32.1 | 3944.5
          Lair |  29.0 |  26.8 |  49.4 |  22.2 |  37.1 | 11392.5
         Swamp |   9.8 |   9.4 |   9.4 |  44.4 |  21.7 | 9991.0
    Slime Pits |   0.1 |   0.1 |   0.0 |   0.0 |   0.6 | 1096.0
  Orcish Mines |  14.0 |  12.9 |  23.5 |  11.1 |   6.5 | 6016.5
         Sewer |   5.5 |   6.2 |   0.0 |   0.0 |   0.2 | 340.0
      Gauntlet |   1.7 |   1.8 |   0.0 |  11.1 |   1.9 | 3440.0
               +-------+-------+-------+-------+-------+----------------------

Table legend: (Time is in decaauts)
 A = Elapsed time spent in this place.
 B = Non-inter-level travel time spent in this place.
 C = Inter-level travel time spent in this place.
 D = Time resting spent in this place.
 E = Time spent auto-exploring this place.
 F = Levels seen in this place.
 G = Mean time per level.
                   A        B        C        D        E       F      G
               +--------+--------+--------+--------+--------+-----+--------+
         Total |  31883 |  29063 |   2820 |   2228 |  13668 |  33 |  966.2 |
       Dungeon |  18094 |  16087 |   2007 |   1344 |   8380 |  15 | 1206.3 |
        Temple |    185 |    134 |     51 |      0 |    119 |   1 |  185.0 |
          Lair |   7597 |   7090 |    507 |    329 |   3651 |   6 | 1266.2 |
         Swamp |   2260 |   2199 |     61 |     56 |    555 |   4 |  565.0 |
    Slime Pits |      9 |      9 |      0 |      0 |      0 |   1 |    9.0 |
  Orcish Mines |   1924 |   1732 |    192 |     69 |    657 |   2 |  962.0 |
   Elven Halls |      4 |      4 |      0 |      0 |      0 |   1 |    4.0 |
        Depths |      1 |      1 |      0 |      0 |      0 |   1 |    1.0 |
         Sewer |    524 |    524 |      0 |    171 |      6 |   1 |  524.0 |
      Gauntlet |   1280 |   1280 |      0 |    259 |    299 |   1 | 1280.0 |
               +--------+--------+--------+--------+--------+-----+--------+

Top non-repeatable levels by time:
    D:13: 1686 daAuts
  Lair:6: 1604 daAuts
    D:12: 1544 daAuts
  Lair:3: 1539 daAuts
     D:6: 1529 daAuts
  Lair:4: 1518 daAuts
    D:10: 1495 daAuts
     D:2: 1339 daAuts
     D:9: 1309 daAuts
Gauntlet: 1280 daAuts
     D:4: 1211 daAuts
    D:14: 1137 daAuts
  Lair:1: 1069 daAuts
    D:11: 1054 daAuts
  Lair:5: 1053 daAuts
